AoeStats
← Burgundy

Nomad

508126000Analyzed
3v3 RM · 11d ago on Sep 21, 2026· 22m 44s· 6 players
Game mode
Random Map
Map size
210×210
Population
200
Speed
Normal
Resources
Standard
Victory
Conquest
Starting age
Dark Age
Ending age
Imperial Age
RankedLock teamsTeams togetherTeam positionsShared explorationLock speedFull tech treeHidden civsTurbo modeCheats
Victory
Defeat
🇧🇷 Franks · Brazil
666
+18
🇮🇩 Byzantines · Indonesia
635
+19
🇵🇱 Japanese · Poland
609
+20
🇨🇱 Koreans · Chile
775
-23
🇨🇱 Turks · Chile
679
-18
🇨🇱 Huns · Chile
641
-16
Mecenas Kaszewiak
6:50 Loom
17:04 Feudal Age
17:56 Fishing Lines
17:41 Man-at-Arms
18:07 Arson
20:51 Double-Bit Axe
Sigit4n
14:02 Feudal Age
12:19 Loom
14:32 Double-Bit Axe
15:24 Wheelbarrow
21:54 Stone Mining
[MCC] Bacteria-Am
3:40 Loom
15:35 Feudal Age
21:11 Castle Age
19:35 Double-Bit Axe
21:21 Scale Barding Armor
21:27 Forging
pusciFer
16:18 Feudal Age
Burgundy
14:36 Feudal Age
16:09 Double-Bit Axe
22:07 Wheelbarrow
Maritza
8:15 Loom
16:14 Feudal Age
Connection lost

Rejoining the realm…

Still unreachable

The connection could not be restored.

Session expired

The server has moved on; the page needs a fresh start.